| TOP OF THE 1ST |
|
Cleveland Guardians batting - Pitching for Chicago White Sox : RHP Kevin Woods
|
|
Pitching: RHP Kevin Woods
|
|
|
Batting: LHB Arvin Dungca
|
0-0: Swinging Strike 0-1: Called Strike 0-2: Strikes out looking
|
|
Batting: LHB Hector Pedroso
|
0-0: Swinging Strike 0-1: Ball 1-1: Swinging Strike 1-2: Strikes out swinging
|
|
Batting: SHB Pete Barutha
|
0-0: Ball 1-0: Foul Ball, location: 2F 1-1: SINGLE (Groundball, 4M, EV 108.8 MPH) (infield hit)
|
|
Batting: RHB Hiroshige Yamada
|
0-0: Called Strike 0-1: Ball 1-1: Foul Ball, location: 2F 1-2: Ball 2-2: Foul Ball, location: 2F 2-2: Strikes out swinging
|
| Top of the 1st over - 0 runs, 1 hit, 0 errors, 1 left on base; Cleveland 0 - Chicago 0 |
| BOTTOM OF THE 1ST |
|
Chicago White Sox batting - Pitching for Cleveland Guardians : RHP Ben Cole
|
|
Pitching: RHP Ben Cole
|
|
|
Batting: SHB Bartholomeu Chambino
|
0-0: Swinging Strike 0-1: SOLO HOME RUN (Flyball, 8LXD, EV 101.2 MPH), Distance : 406 ft
|
|
Batting: SHB Gus Berry
|
0-0: Foul Ball, location: 2F 0-1: DOUBLE (Line Drive, 89M, EV 106.9 MPH)
|
|
Batting: LHB Randy Rosenberry
|
0-0: Ball 1-0: Ball 2-0: Ball 3-0: Called Strike 3-1: Base on Balls
|
|
Batting: RHB Dietmar Warmisch
|
0-0: Foul Ball, location: 2F 0-1: Ball 1-1: Called Strike 1-2: SINGLE (Line Drive, 89S, EV 103.8 MPH) Gus Berry to third Randy Rosenberry to second
|
|
Batting: SHB Alfie Bungledorf
|
0-0: Called Strike 0-1: Ball 1-1: Swinging Strike 1-2: GRAND SLAM HOME RUN (Flyball, 89XD, EV 103.8 MPH), Distance : 404 ft
|
|
Batting: RHB Dieter Knoops
|
0-0: Ball 1-0: Ball 2-0: Called Strike 2-1: Ground out 5-3 (Groundball, 56S, EV 71.2 MPH)
|
|
Batting: LHB Angel Tellez
|
0-0: Fly out, F8 (Flyball, 78M, EV 87.5 MPH)
|
|
Batting: RHB Brad Boals
|
0-0: Called Strike 0-1: Ball 1-1: Foul Ball, location: 2F 1-2: Ball 2-2: Foul Ball, location: 2F 2-2: Ball 3-2: Foul Ball, location: 2F 3-2: Ground out 6-3 (Groundball, 6, EV 83.1 MPH)
|
| Bottom of the 1st over - 5 runs, 4 hits, 0 errors, 0 left on base; Cleveland 0 - Chicago 5 |
| TOP OF THE 2ND |
|
Cleveland Guardians batting - Pitching for Chicago White Sox : RHP Kevin Woods
|
|
Batting: RHB Christian Blue
|
0-0: Ball 1-0: Called Strike 1-1: Ball 2-1: Called Strike 2-2: SINGLE (Line Drive, 9LM, EV 93.1 MPH)
|
|
Batting: LHB John Harring
|
0-0: Ball 1-0: Ball 2-0: Called Strike 2-1: Swinging Strike 2-2: Strikes out swinging
|
|
Batting: RHB Nick Sharp
|
0-0: Ball 1-0: Ball 2-0: Called Strike 2-1: Ball 3-1: Foul Ball, location: 2F 3-2: Foul Ball, location: 2F 3-2: Foul Ball, location: 2F 3-2: SINGLE (Line Drive, 78S, EV 90.0 MPH) Christian Blue to second
|
|
Batting: RHB Rick O'Reilly
|
0-0: Ball 1-0: Ball 2-0: Ball 3-0: Called Strike 3-1: Foul Ball, location: 2F 3-2: Strikes out swinging
|
|
Batting: RHB Danny Eberhart
|
0-0: Fielders Choice at 2nd, 6-4 (Groundball, 6, EV 102.5 MPH)
|
| Top of the 2nd over - 0 runs, 2 hits, 0 errors, 2 left on base; Cleveland 0 - Chicago 5 |
| BOTTOM OF THE 2ND |
|
Chicago White Sox batting - Pitching for Cleveland Guardians : RHP Ben Cole
|
|
Batting: LHB Sidney Pedder
|
0-0: Foul Ball, location: 2F 0-1: Ground out 4-3 (Groundball, 4, EV 104.4 MPH)
|
|
Batting: SHB Bartholomeu Chambino
|
0-0: Ground out 6-3 (Groundball, 6, EV 85.0 MPH)
|
|
Batting: SHB Gus Berry
|
0-0: Called Strike 0-1: Swinging Strike 0-2: Ball 1-2: Ball 2-2: Foul Ball, location: 2F 2-2: Fly out, F7 (Flyball, 78S, EV 90.6 MPH)
|
| Bottom of the 2nd over - 0 runs, 0 hits, 0 errors, 0 left on base; Cleveland 0 - Chicago 5 |
| TOP OF THE 3RD |
|
Cleveland Guardians batting - Pitching for Chicago White Sox : RHP Kevin Woods
|
|
Batting: LHB Arvin Dungca
|
0-0: Ground out 6-3 (Groundball, 6M, EV 81.9 MPH)
|
|
Batting: LHB Hector Pedroso
|
0-0: Ball 1-0: Ball 2-0: Foul Ball, location: 2F 2-1: SINGLE (Line Drive, 9S, EV 112.5 MPH)
|
|
Batting: SHB Pete Barutha
|
0-0: Ball 1-0: Called Strike 1-1: Foul Ball, location: 2F 1-2: SINGLE (Flyball, 8LS, EV 98.1 MPH) Hector Pedroso to second
|
|
Batting: RHB Hiroshige Yamada
|
0-0: Ball 1-0: Called Strike 1-1: Foul Ball, location: 2F 1-2: Grounds into double play, 5-4-3 (Groundball, 56, EV 90.6 MPH)
|
| Top of the 3rd over - 0 runs, 2 hits, 0 errors, 1 left on base; Cleveland 0 - Chicago 5 |
| BOTTOM OF THE 3RD |
|
Chicago White Sox batting - Pitching for Cleveland Guardians : RHP Ben Cole
|
|
Batting: LHB Randy Rosenberry
|
0-0: Called Strike 0-1: Called Strike 0-2: Ground out 4-3 (Groundball, 4, EV 85.0 MPH)
|
|
Batting: RHB Dietmar Warmisch
|
0-0: Foul Ball, location: 2F 0-1: Ball 1-1: Ball 2-1: Ball 3-1: Ground out 5-3 (Groundball, 5L, EV 90.0 MPH)
|
|
Batting: SHB Alfie Bungledorf
|
0-0: Ball 1-0: Foul Ball, location: 2F 1-1: Ball 2-1: Foul Ball, location: 2F 2-2: Fly out, F8 (Flyball, 78S, EV 88.8 MPH)
|
| Bottom of the 3rd over - 0 runs, 0 hits, 0 errors, 0 left on base; Cleveland 0 - Chicago 5 |
| TOP OF THE 4TH |
|
Cleveland Guardians batting - Pitching for Chicago White Sox : RHP Kevin Woods
|
|
Batting: RHB Christian Blue
|
0-0: Called Strike 0-1: Foul Ball, location: 2F 0-2: Strikes out looking
|
|
Batting: LHB John Harring
|
0-0: Ball 1-0: Ball 2-0: Foul Ball, location: 2F 2-1: Fly out, F8 (Flyball, 8LS, EV 90.6 MPH)
|
|
Batting: RHB Nick Sharp
|
0-0: Called Strike 0-1: Foul Ball, location: 2F 0-2: Fly out, F8 (Line Drive, 8RD, EV 90.0 MPH)
|
| Top of the 4th over - 0 runs, 0 hits, 0 errors, 0 left on base; Cleveland 0 - Chicago 5 |
| BOTTOM OF THE 4TH |
|
Chicago White Sox batting - Pitching for Cleveland Guardians : RHP Ben Cole
|
|
Batting: RHB Dieter Knoops
|
0-0: Swinging Strike 0-1: Ball 1-1: Ball 2-1: Foul Ball, location: 2F 2-2: Ground out U3 (Groundball, 34, EV 101.9 MPH)
|
|
Batting: LHB Angel Tellez
|
0-0: Ball 1-0: Called Strike 1-1: Ball 2-1: Called Strike 2-2: Ball 3-2: Foul Ball, location: 2F 3-2: Base on Balls
|
|
Pitching: RHP Matt Zambon
|
|
|
Batting: RHB Brad Boals
|
0-0: Ball 1-0: Called Strike 1-1: Ball 2-1: Ball 3-1: Grounds into double play, 4-6-3 (Groundball, 4, EV 78.1 MPH)
|
| Bottom of the 4th over - 0 runs, 0 hits, 0 errors, 0 left on base; Cleveland 0 - Chicago 5 |
| TOP OF THE 5TH |
|
Cleveland Guardians batting - Pitching for Chicago White Sox : RHP Kevin Woods
|
|
Batting: RHB Rick O'Reilly
|
0-0: SINGLE (Groundball, 6MD, EV 99.4 MPH)
|
|
Batting: RHB Danny Eberhart
|
0-0: Fly out, F9 (Flyball, 9D, EV 105.6 MPH)
|
|
Batting: LHB Arvin Dungca
|
0-0: Fly out, F9 (Flyball, 9, EV 85.0 MPH)
|
|
Batting: LHB Hector Pedroso
|
0-0: Ball 1-0: Ball 2-0: Ball 3-0: Called Strike 3-1: Fly out, F8 (Flyball, 8RXD, EV 110.0 MPH)
|
| Top of the 5th over - 0 runs, 1 hit, 0 errors, 1 left on base; Cleveland 0 - Chicago 5 |
| BOTTOM OF THE 5TH |
|
Chicago White Sox batting - Pitching for Cleveland Guardians : RHP Matt Zambon
|
|
Batting: LHB Sidney Pedder
|
0-0: Ball 1-0: Ball 2-0: Ball 3-0: Base on Balls
|
|
Batting: SHB Bartholomeu Chambino
|
0-0: Ball 1-0: Called Strike 1-1: Grounds into double play, 4-6-3 (Groundball, 4, EV 103.1 MPH)
|
|
Batting: SHB Gus Berry
|
0-0: Ball 1-0: Ball 2-0: Ball 3-0: Foul Ball, location: 2F 3-1: Foul Ball, location: 2F 3-2: Foul Ball, location: 2F 3-2: Base on Balls
|
|
Batting: LHB Randy Rosenberry
|
0-0: Called Strike 0-1: Ball 1-1: Ball 2-1: Foul Ball, location: 2F 2-2: SINGLE (Groundball, 4MS, EV 68.8 MPH) (infield hit) Gus Berry to second
|
|
Batting: RHB Dietmar Warmisch
|
0-0: Called Strike 0-1: Fly out, F8 (Flyball, 78S, EV 83.8 MPH)
|
| Bottom of the 5th over - 0 runs, 1 hit, 0 errors, 2 left on base; Cleveland 0 - Chicago 5 |
| TOP OF THE 6TH |
|
Cleveland Guardians batting - Pitching for Chicago White Sox : RHP Kevin Woods
|
|
Batting: SHB Pete Barutha
|
0-0: Called Strike 0-1: Ball 1-1: Ball 2-1: Called Strike 2-2: Strikes out swinging
|
|
Batting: RHB Hiroshige Yamada
|
0-0: Ground out 1-3 (Groundball, 13, EV 72.5 MPH)
|
|
Batting: RHB Christian Blue
|
0-0: Hit by Pitch
|
|
Batting: LHB John Harring
|
0-0: Called Strike 0-1: Fly out, F7 (Flyball, 7, EV 92.5 MPH)
|
| Top of the 6th over - 0 runs, 0 hits, 0 errors, 1 left on base; Cleveland 0 - Chicago 5 |
| BOTTOM OF THE 6TH |
|
Chicago White Sox batting - Pitching for Cleveland Guardians : RHP Matt Zambon
|
|
Batting: SHB Alfie Bungledorf
|
0-0: Ball 1-0: Called Strike 1-1: Swinging Strike 1-2: Foul Ball, location: 2F 1-2: Ball 2-2: DOUBLE (Groundball, 3L, EV 99.4 MPH)
|
|
Batting: RHB Dieter Knoops
|
0-0: Called Strike 0-1: Called Strike 0-2: SINGLE (Flyball, 3D, EV 89.4 MPH) Alfie Bungledorf to third
|
|
Batting: LHB Angel Tellez
|
0-0: Called Strike 0-1: DOUBLE (Line Drive, 7LM, EV 110.0 MPH) Alfie Bungledorf scores Dieter Knoops to third
|
|
Batting: RHB Brad Boals
|
0-0: Hit by Pitch
|
|
Batting: LHB Sidney Pedder
|
0-0: Ball 1-0: Foul Ball, location: 2F 1-1: Swinging Strike 1-2: Foul Ball, location: 2F 1-2: Ball 2-2: GRAND SLAM HOME RUN (Flyball, 9LD, EV 95.6 MPH), Distance : 359 ft
|
|
Pitching: LHP Rene Eenkhoorn
|
|
|
Batting: SHB Bartholomeu Chambino
|
0-0: Ball 1-0: SOLO HOME RUN (Flyball, 9D, EV 101.2 MPH), Distance : 368 ft
|
|
Batting: SHB Gus Berry
|
0-0: Fly out, F9 (Flyball, 9D, EV 78.8 MPH)
|
|
Batting: LHB Randy Rosenberry
|
0-0: Called Strike 0-1: Foul Ball, location: 2F 0-2: Reached on error, E4 (Groundball, 4, EV 105.0 MPH)
|
|
Batting: RHB Dietmar Warmisch
|
0-0: Ball 1-0: Ball 2-0: Called Strike 2-1: Ball 3-1: SINGLE (Groundball, 6MD, EV 104.4 MPH) Randy Rosenberry to second
|
|
Batting: SHB Alfie Bungledorf
|
0-0: Ball 1-0: Called Strike 1-1: Ball 2-1: Foul Ball, location: 2F 2-2: Foul Ball, location: 2F 2-2: Ball 3-2: Base on Balls Randy Rosenberry to third Dietmar Warmisch to second
|
|
Batting: RHB Dieter Knoops
|
0-0: SINGLE (Groundball, 34D, EV 106.9 MPH) Randy Rosenberry scores Dietmar Warmisch to third Alfie Bungledorf to second
|
|
Batting: LHB Angel Tellez
|
0-0: SINGLE (Groundball, 4M, EV 100.6 MPH) (infield hit) Dietmar Warmisch scores Alfie Bungledorf to third Dieter Knoops to second
|
|
Batting: RHB Brad Boals
|
0-0: Ball 1-0: Called Strike 1-1: Foul Ball, location: 2F 1-2: Strikes out swinging
|
|
Batting: LHB Sidney Pedder
|
0-0: Called Strike 0-1: Called Strike 0-2: Ball 1-2: Ball 2-2: Ball 3-2: Base on Balls Alfie Bungledorf scores Dieter Knoops to third Angel Tellez to second
|
|
Pitching: RHP Adrian Serratos
|
|
|
Batting: SHB Bartholomeu Chambino
|
0-0: Called Strike 0-1: Foul Ball, location: 2F 0-2: Foul Ball, location: 2F 0-2: Strikes out swinging
|
| Bottom of the 6th over - 9 runs, 8 hits, 1 error, 3 left on base; Cleveland 0 - Chicago 14 |
| TOP OF THE 7TH |
|
Cleveland Guardians batting - Pitching for Chicago White Sox : RHP Kevin Woods
|
|
Pitching: RHP Allen Speidel
|
|
|
Batting: RHB Nick Sharp
|
0-0: Ball 1-0: Foul Ball, location: 2F 1-1: Ground out 6-3 (Groundball, 6, EV 86.9 MPH)
|
|
Batting: RHB Rick O'Reilly
|
0-0: Called Strike 0-1: Ground out 5-3 (Groundball, 56, EV 106.2 MPH)
|
|
Batting: RHB Danny Eberhart
|
0-0: Ball 1-0: Called Strike 1-1: Ball 2-1: Foul Ball, location: 2F 2-2: Strikes out swinging
|
| Top of the 7th over - 0 runs, 0 hits, 0 errors, 0 left on base; Cleveland 0 - Chicago 14 |
| BOTTOM OF THE 7TH |
|
Chicago White Sox batting - Pitching for Cleveland Guardians : RHP Adrian Serratos
|
|
Pinch Hitting: RHB Chris Cooper
|
0-0: Ball 1-0: Called Strike 1-1: Foul Ball, location: 2F 1-2: Ground out 5-3 (Groundball, 56, EV 90.6 MPH)
|
|
Batting: LHB Randy Rosenberry
|
0-0: Ball 1-0: SINGLE (Flyball, 8LS, EV 94.4 MPH)
|
|
Batting: RHB Dietmar Warmisch
|
0-0: Called Strike 0-1: Ball 1-1: Swinging Strike 1-2: Ball 2-2: Ball 3-2: Strikes out swinging Randy Rosenberry steals 2nd base Batter strikes out.
|
|
Batting: SHB Alfie Bungledorf
|
0-0: Foul Ball, location: 2F 0-1: Ball 1-1: Fly out, F7 (Flyball, 7LS, EV 92.5 MPH)
|
| Bottom of the 7th over - 0 runs, 1 hit, 0 errors, 1 left on base; Cleveland 0 - Chicago 14 |
| TOP OF THE 8TH |
|
Cleveland Guardians batting - Pitching for Chicago White Sox : RHP Allen Speidel
|
|
Now in RF: Chris Cooper
|
|
|
Pinch Hitting: RHB Justin Ganey
|
0-0: Called Strike 0-1: Foul Ball, location: 2F 0-2: Strikes out swinging
|
|
Batting: LHB Hector Pedroso
|
0-0: Ball 1-0: Ball 2-0: SINGLE (Groundball, 4D, EV 97.5 MPH)
|
|
Pinch Hitting: LHB Brent Albertson
|
0-0: Fly out, F8 (Flyball, 8RD, EV 106.9 MPH)
|
|
Batting: RHB Hiroshige Yamada
|
0-0: Ball 1-0: Called Strike 1-1: Ball 2-1: Foul Ball, location: 2F 2-2: Foul Ball, location: 2F 2-2: Strikes out swinging
|
| Top of the 8th over - 0 runs, 1 hit, 0 errors, 1 left on base; Cleveland 0 - Chicago 14 |
| BOTTOM OF THE 8TH |
|
Chicago White Sox batting - Pitching for Cleveland Guardians : RHP Adrian Serratos
|
|
Now at 1B: Justin Ganey
|
|
|
Now in LF: Brent Albertson
|
|
|
Now in CF: John Harring
|
|
|
Batting: RHB Dieter Knoops
|
0-0: Ball 1-0: Ball 2-0: Foul Ball, location: 2F 2-1: Called Strike 2-2: Strikes out swinging
|
|
Batting: LHB Angel Tellez
|
0-0: Ball 1-0: Foul Ball, location: 2F 1-1: Ball 2-1: Ball 3-1: Base on Balls
|
|
Batting: RHB Brad Boals
|
0-0: Swinging Strike 0-1: Ball 1-1: Ball 2-1: Ball 3-1: Called Strike 3-2: Foul Ball, location: 2F 3-2: Foul Ball, location: 2F 3-2: Strikes out looking
|
|
Batting: LHB Sidney Pedder
|
0-0: Ball 1-0: Ball 2-0: Ball 3-0: Base on Balls Angel Tellez to second
|
|
Pitching: RHP Dennis Beals
|
|
|
Batting: SHB Bartholomeu Chambino
|
0-0: Ball 1-0: Ball 2-0: Called Strike 2-1: Swinging Strike 2-2: Foul Ball, location: 2F 2-2: Strikes out swinging
|
| Bottom of the 8th over - 0 runs, 0 hits, 0 errors, 2 left on base; Cleveland 0 - Chicago 14 |
| TOP OF THE 9TH |
|
Cleveland Guardians batting - Pitching for Chicago White Sox : RHP Allen Speidel
|
|
Pitching: RHP Mike Willig
|
|
|
Batting: RHB Christian Blue
|
0-0: Ball 1-0: Called Strike 1-1: Swinging Strike 1-2: Ball 2-2: Ball 3-2: Strikes out swinging
|
|
Batting: LHB John Harring
|
0-0: Hit by Pitch
|
|
Batting: RHB Nick Sharp
|
0-0: Ball 1-0: Fly out, F8 (Flyball, 89XD, EV 99.4 MPH)
|
|
Batting: RHB Rick O'Reilly
|
0-0: Ball 1-0: Called Strike 1-1: Swinging Strike 1-2: Foul Ball, location: 2F 1-2: Strikes out swinging
|
| Top of the 9th over - 0 runs, 0 hits, 0 errors, 1 left on base; Cleveland 0 - Chicago 14 |
|